Description

CO-OP Rifts to Korhal 触发最后一波碎片后8秒触发奖励2

Build Order

Get SALT Encoding   

  1  2:00  Action 红点  
  99  4:48  Blink 第一块碎片刷新  
  2  5:00  Action 红点  
  3  8:00  Action 红点  
  4  11:00  Action 红点  
  50  11:40  Carrier 奖励1刷新 持续7分钟  
  5  14:00  Action 红点  
  6  17:00  Action 红点  
  7  20:30  Action 红点  
  8  24:30  Action 红点  
  9  26:30  Action 红点  
  10  28:30  Action 红点  
  11  30:00  Action 红点  
Spawning Tool Build Advisor. Get it on Overwolf

Go to:

Details

  • Created by: Arbalest
  • Published on: Jan 01, 2020
  • Modified on: Jan 01, 2020
  • Patch: 4.11.0
Show
View Real Time Build Order
Export as new Build Order

Comments (0)

There are no comments. Be the first!

Create an account to comment!